 Dungeon Crawl Stone Soup version 0.30-b1-2-g02819fbbbe (webtiles) character file.

Game seed: 9898696179146976533

312831 LLlMATKO the Severer (level 20, -8/183 (193) HPs)
             Began as a Minotaur Berserker on Nov 22, 2023.
             Was the Champion of Trog.
             Killed from afar by a deep elf zephyrmancer (20 damage)
             ... with a bolt of lightning
             ... on level 3 of the Elven Halls on Nov 24, 2023.
             The game lasted 01:00:10 (37344 turns).

LLlMATKO the Severer (Minotaur Berserker)          Turns: 37344, Time: 01:00:11

HP:   -8/183 (193)  AC: 23    Str: 31    XL:     20   Next: 45%
MP:   0/28          EV: 12    Int:  4    God:    Trog [******]
Gold: 5182          SH: 33    Dex: 16    Spells: 19/19 levels left

rFire   + + .        P - +3 broad axe of Indomitability {heavy, Str+2}
rCold   + + +        q - +18 shield of the Gong {Loud rN+ Will+ rCorr EV-5}
rNeg    + . .        V - +2 plate armour {rC+}
rPois   +            (helmet restricted)
rElec   .            u - scarf {repulsion}
rCorr   +            I - +0 pair of gloves "Cutaetayru" {rPois Regen+ MP+9 Dex+2}
SInv    +            b - -1 pair of boots of the Spheres {rF+ Regen+}
Will    +++..        T - amulet of guardian spirit Stlth
                     K - ring of Syndicalism {rC++ Str+2 Int-3 Slay+3 SInv}
HPRegen 2.10/turn    N - ring of Leaves {rF+ Will+ Int+3}
MPRegen 0.21/turn

%: repel missiles, guardian spirit
@: on berserk cooldown, slowed, drained, very slow
A: horns 2, retaliatory headbutt
}: 2/15 runes: barnacled, gossamer
a: Renounce Religion, Berserk, Trog's Hand, Brothers in Arms


You were on level 3 of the Elven Halls.
You worshipped Trog.
Trog was exalted by your worship.
You visited 6 branches of the dungeon, and saw 33 of its levels.
You also visited: Bailey, Gauntlet and Desolation.

You collected 5182 gold pieces.

Inventory:

Hand Weapons
 B - a +2 antimagic broad axe
 P - the +3 broad axe of Indomitability (weapon) {heavy, Str+2}
   (Trog gifted it to you on level 3 of the Elven Halls)

   Str:       It affects your strength (+2).
 Z - a +2 war axe of flaming
Missiles
 w - 43 poisoned darts (quivered)
 y - 4 throwing nets
 M - 3 atropa-tipped darts
 Q - 22 javelins
Armour
 b - the -1 pair of boots of the Spheres (worn) {rF+ Regen+}
   (You acquired it on level 9 of the Dungeon)

   rF:        It protects you from fire.
   Regen:     It increases your rate of health regeneration.
 q - the +18 shield of the Gong (worn) {Loud rN+ Will+ rCorr EV-5}
   (You found it in the Desolation of Salt)

   Loud:      It is deafeningly noisy when blocking attacks.
   EV:        It affects your evasion (-5).
   rN:        It protects you from negative energy.
   rCorr:     It protects you from acid and corrosion.
   Will:      It increases your willpower.
 t - a +1 tower shield of reflection
 u - a scarf of repulsion (worn)
 I - the +0 pair of gloves "Cutaetayru" (worn) {rPois Regen+ MP+9 Dex+2}
   (You acquired it on level 1 of the Lair of Beasts)

   Dex:       It affects your dexterity (+2).
   rPois:     It protects you from poison.
   MP:        It affects your magic capacity (+9).
   Regen:     It increases your rate of health regeneration.
 L - the +1 cloak of Peegod {Will+}
   (You found it in a Gauntlet)

   Will:      It increases your willpower.
 U - the +4 cloak "Ishyod" {rF+ rCorr MP+9}
   (You found it in a Gauntlet)

   rF:        It protects you from fire.
   MP:        It affects your magic capacity (+9).
   rCorr:     It protects you from acid and corrosion.
 V - a +2 plate armour of cold resistance (worn)
Jewellery
 a - the ring of Broken Luck {*Slow rN+ Will+ Dex+3}
   (You found it on level 3 of the Spider Nest)

   [ring of positive energy]

   Dex:       It affects your dexterity (+3).
   rN:        It protects you from negative energy.
   *Slow:     It may slow you when you take damage.
   Will:      It increases your willpower.
 k - a ring of flight
 E - a ring of poison resistance
 G - an amulet of faith
 K - the ring of Syndicalism (left hand) {rC++ Str+2 Int-3 Slay+3 SInv}
   (You found it in the Desolation of Salt)

   [ring of see invisible]

   Str:       It affects your strength (+2).
   Int:       It affects your intelligence (-3).
   Slay:      It affects your accuracy & damage with ranged weapons and melee
   (+3).
   rC:        It greatly protects you from cold.
   SInv:      It lets you see invisible.
 N - the ring of Leaves (right hand) {rF+ Will+ Int+3}
   (You found it in a Gauntlet)

   [ring of willpower]

   Int:       It affects your intelligence (+3).
   rF:        It protects you from fire.
   Will:      It increases your willpower.
 O - the ring "Noqad" {rElec rF+ SInv}
   (You took it off a minotaur in a Gauntlet)

   [ring of see invisible]

   rF:        It protects you from fire.
   rElec:     It insulates you from electricity.
   SInv:      It lets you see invisible.
 R - a ring of protection from cold
 S - a ring of protection from fire
 T - an amulet of guardian spirit (around neck)
Wands
 e - a wand of flame (36)
 h - a wand of paralysis (4)
 i - a wand of acid (5)
 o - a wand of mindburst (21)
 x - a wand of roots (36)
 z - a wand of polymorph (23)
 F - a wand of digging (21)
Scrolls
 f - 22 scrolls of identify
 g - 12 scrolls of noise
 j - 5 scrolls of enchant weapon
 m - 9 scrolls of blinking
 n - 13 scrolls of teleportation
 p - 3 scrolls of fog
 H - 8 scrolls of enchant armour
 W - a scroll of poison
 X - 5 scrolls of fear
Potions
 c - 14 potions of curing
 d - 2 potions of resistance
 l - 2 potions of cancellation
 r - 2 potions of invisibility
 s - 2 potions of magic
 v - 7 potions of might
 A - 6 potions of ambrosia
 C - 11 potions of heal wounds
 D - 9 potions of flight
 J - 3 potions of haste


   Skills:
 + Level 20.2 Fighting
 + Level 20.3 Axes
 + Level 20.1 Armour
 + Level 18.6 Dodging
 + Level 19.6 Shields


You had 19 spell levels left.
You didn't know any spells.
Your spell library was empty.

Dungeon Overview and Level Annotations

Branches:
Dungeon (15/15)            Temple (0/1) D:7            Lair (5/5) D:9
 Shoals (4/4) Lair:2       Spider (4/4) Lair:2        Slime (0/5) Lair:4
    Orc (2/2) D:10            Elf (3/3) Orc:2        Vaults (0/5) D:13
 Depths (0/4) D:15         Bailey (visited)         Desolation (visited)
Gauntlet (visited)

Altars:
Cheibriados
Gozag
Uskayaw
Vehumet

Shops:
D:7 *(   D:10 *   D:11 [   Orc:1 (   Orc:2 *=([   Elf:1 *   Shoals:1 !

Portals:
Trove: D:14 (lose all piety)

Annotations:
D:5 2 transporters, Ralhos's ghost, novice MiBe
D:8 2 transporters


Innate Abilities, Weirdness & Mutations

You have a pair of horns on your head.
You reflexively headbutt those who attack you in melee.


Message History

Trog accepts your kill.
Trog appreciates your killing of a magic user.
Trog grants you a weapon! Something appears at your feet!
You see here a +4 hand axe of flaming.
The deep elf high priest closely misses you.
You furiously retaliate!
You headbutt the deep elf high priest!! You slice the deep elf high priest!!
You kill the deep elf high priest!
Trog accepts your kill.
Unknown command.
Things that are here:
a +0 long sword; a +0 rapier You feel a strong urge to attack something.
The deep elf annihilator points at you and mumbles some strange words.
The crystal spear hits you!!!
* * * LOW HITPOINT WARNING * * *
A deep elf zephyrmancer comes into view.
It is wielding a +0 long sword.
You slice the deep elf annihilator!! You headbutt the deep elf annihilator!
The deep elf annihilator is heavily wounded.
You block the deep elf annihilator's attack.
GONNNNG!
Unknown command.
The deep elf annihilator blocks your attack.
Your headbutt misses the deep elf annihilator.
The deep elf annihilator is heavily wounded.
Unknown command.
You barely miss the deep elf annihilator.
The deep elf annihilator is heavily wounded.
You are no longer berserk.
You are exhausted.
You feel yourself slow down.
The deep elf annihilator closely misses you.
Unknown command.
You slice the deep elf annihilator!!
The deep elf annihilator is almost dead.
The deep elf annihilator casts a spell.
The deep elf annihilator blinks!
The deep elf zephyrmancer gestures at you while chanting.
The bolt of lightning hits you!!
You die...

,,,,,,,,,,,*** ***,^**,****##.###
**,,,,,,,....##*,,***#.# #..,,.
,,,,,,,,,,.....,*** #.# #.#***
**,**,,,**#...#** #.# ##.####
**,**,*** #...# #.# #......
**,**,* #...# ##.# #......
**,**.#####...######...# #...).)
**,**....e....e....))).####..)...
,,,,,......))..§@).)....)....))..
,*,**....).).)...)).)#.##...)....
,*,**###......##.)).[#.##........
,*,* ..........†).#..#........
,*,* #.#.....#.#..##.#........
**** .!#...#.###........#####.
####.#)..#.###(.......# **#.
#............##.##.##)#**,..
*****#..........#.##.##....#*,###


You could see a deep elf annihilator (empowered) and a deep elf zephyrmancer.

Vanquished Creatures
  Saint Roka (Orc:2)
  Arachne (Spider:2)
  Rupert (Spider:1)
  2 deep elf blademasters
  A deep elf master archer (Elf:3)
  2 sphinxes (Shoals:4)
  A kraken (Shoals:4)
  Roxanne (Shoals:2)
  Agnes (Spider:2)
  Ilsuiw (Shoals:2)
  4 emperor scorpions
  A deep elf sorcerer (Elf:3)
  2 imperial myrmidons (Desolation)
  Louise (Spider:1)
  Aizul (Elf:2)
  4 ghost moths
  4 deep elf elementalists
  2 broodmothers
  2 halazid warlocks (Desolation)
  Nessos (D:13)
  A deep elf annihilator (Elf:3)
  2 ettins
  Snorg (Orc:2)
  3 spark wasps
  3 deep elf death magi
  3 minotaurs
  A blizzard demon (Gauntlet)
  4 merfolk impalers
  3 merfolk javelineers
  An entropy weaver (Spider:2)
  5 ragged hierophants (Desolation)
  4 servants of whispers (Desolation)
  A deep elf high priest (Elf:3)
  Josephine (Lair:4)
  2 fire dragons
  A rakshasa (D:15)
  3 vault guards (D:13)
  Harold (Lair:1)
  2 hydras
  4 peacekeepers (Desolation)
  A jorogumo (Spider:2)
  Erica (D:9)
  A catoblepas (D:13)
  3 merfolk avatars
  7 centaur warriors
  3 radroaches
  8 two-headed ogres
  5 merfolk aquamancers
  7 boulder beetles
  3 alligator snapping turtles
  24 dancing weapons
  2 tengu warriors
  5 satyrs (Shoals:4)
  Urug (Orc:2)
  A deep troll earth mage (Elf:3)
  An orc high priest (Orc:2)
  Nergalle (Lair:2)
  15 deep elf knights
  Sonja (D:11)
  Lodul (D:11)
  2 sun moths
  4 pharaoh ants
  3 skysharks
  2 deep trolls (D:15)
  22 sea snakes
  A wizard (D:15)
  11 orb spiders
  Pikel (D:9)
  15 deep elf archers
  A swamp dragon (Lair:5)
  5 ironbound convokers (Desolation)
  22 deep elf zephyrmancers
  4 orc knights
  6 steelbarb worms
  A necromancer (D:15)
  9 ugly things
  25 harpies
  34 deep elf pyromancers
  5 orc sorcerers
  2 oklob plants
  25 wolf spiders
  7 fauns
  3 moths of wrath
  7 cyclopes
  16 manticores
  4 guardian serpents
  15 elephants
  13 merfolk sirens
  8 black mambas
  2 gargoyles
  A minotaur zombie (Gauntlet)
  11 demonic crawlers
  18 cane toads
  2 molten gargoyles
  6 torpor snails
  8 water nymphs
  Maggie (Lair:2)
  A kobold demonologist (Bailey)
  15 komodo dragons
  An unseen horror (D:10)
  A rime drake (Lair:2)
  A freezing wraith (D:14)
  Psyche (D:10)
  3 tengu conjurers
  2 ice devils (Gauntlet)
  2 efreet
  8 wind drakes
  A meliai (shapeshifter) (D:14)
  11 hornets
  3 meliai (Spider:3)
  3 trolls
  30 tarantellas
  46 saltlings
  27 merfolk
  Prince Ribbit (D:9)
  16 blink frogs
  8 snapping turtles
  13 dream sheep
  13 slime creatures
  27 culicivoras
  28 jumping spiders
  A jumping spider (shapeshifter) (D:15)
  Sigmund (D:4)
  3 air elementals
  A shadow (D:9)
  14 water elementals
  8 wraiths
  15 wyverns
  26 yaks
  2 basilisks
  A fire elemental (Elf:3)
  2 vampire mosquitoes (D:14)
  3 chaos spawn (Gauntlet)
  4 steam dragons
  71 redbacks
  A neqoxec (Gauntlet)
  A harpy simulacrum (D:15)
  6 wargs
  6 acid dragons
  32 water moccasins
  2 swamp drakes (Lair:5)
  38 orc warriors
  2 sky beasts
  4 black bears
  2 ice beasts
  9 ogres
  10 centaurs
  7 wolves
  2 lemures (D:9)
  A phantom (D:4)
  3 kobold brigands
  14 bullfrogs
  2 gnoll sergeants (D:12)
  3 scorpions
  7 wights
  6 killer bees (D:9)
  3 howler monkeys
  5 electric eels
  3 jellies
  4 hounds
  16 orc priests
  3 gnoll boudas
  9 iguanas
  A sleepcap (D:8)
  Natasha (thrice) (D:3)
  30 orc wizards
  18 gnolls
  4 adders
  3 shadow imps
  A white imp (D:7)
  5 worms
  A dart slug (D:2)
  88 orcs
  4 ball pythons
  9 bats
  8 endoplasms
  3 giant cockroaches
  18 goblins
  8 hobgoblins
  10 jackals
  3 quokkas
  3 frilled lizards
  19 kobolds
  6 rats
  3 tentacles (Shoals:4)
1356 creatures vanquished.

Vanquished Creatures (collateral kills)
  Mara (Shoals:3)
  A vault guard (D:13)
  A hydra (D:13)
  A cyclops (D:13)
  A howler monkey (D:13)
5 creatures vanquished.

Vanquished Creatures (others)
  A deep elf knight (Elf:2)
  A sea snake (Shoals:4)
  A harpy (Shoals:4)
  A deep elf pyromancer (Elf:2)
  5 deep elf zephyrmancers
  A faun (Shoals:4)
  A water elemental (Elf:3)
  An air elemental (Elf:3)
  A redback (Spider:1)
  An orc warrior (Orc:1)
  24 fungi
  107 plants
  5 tentacles (Shoals:4)
150 creatures vanquished.

Grand Total: 1511 creatures vanquished

Notes
Turn   | Place    | Note
-------+----------+-------------------------------------------
     0 | D:1      | LLlMATKO the Minotaur Berserker began the quest for the
                  | Orb.
     0 | D:1      | Reached XP level 1. HP: 19/19 MP: 0/0
   164 | D:1      | Reached XP level 2. HP: 22/27 MP: 1/1
   251 | D:1      | Found a faded altar of an unknown god.
   693 | D:2      | Reached XP level 3. HP: 25/33 MP: 2/2
   756 | D:2      | Reached XP level 4. HP: 40/40 MP: 3/3
   812 | D:2      | Reached ** piety under Trog
  1194 | D:3      | Noticed Natasha
  1203 | D:3      | Killed Natasha
  1204 | D:3      | Reached XP level 5. HP: 47/47 MP: 4/4
  1211 | D:3      | Noticed Natasha
  1224 | D:3      | Killed Natasha
  1458 | D:3      | Reached skill level 5 in Fighting
  1458 | D:3      | Reached skill level 5 in Axes
  1495 | D:3      | Noticed an ice beast
  1503 | D:3      | Killed an ice beast
  1504 | D:3      | Reached XP level 6. HP: 28/56 MP: 5/5
  1854 | D:3      | Noticed Natasha
  1860 | D:3      | Killed Natasha
  1887 | D:4      | Reached *** piety under Trog
  1930 | D:4      | Reached skill level 1 in Shields
  2033 | D:4      | Noticed Sigmund
  2039 | D:4      | Killed Sigmund
  2040 | D:4      | Reached skill level 5 in Armour
  2040 | D:4      | Reached XP level 7. HP: 62/62 MP: 6/6
  2738 | D:5      | Entered Level 5 of the Dungeon
  2746 | D:5      | Reached skill level 5 in Dodging
  2803 | D:5      | Reached XP level 8. HP: 71/71 MP: 7/7
  2808 | D:5      | Found a transporter.
  2809 | D:5      | Found a transporter.
  2811 | D:5      | Noticed Ralhos's ghost (novice MiBe)
  2997 | D:5      | Found a snail-covered altar of Cheibriados.
  3533 | D:6      | Identified the +5 falchion of the Lettuce {freeze, rF+ rC+}
  3856 | D:7      | Reached **** piety under Trog
  3913 | D:7      | Found a staircase to the Ecumenical Temple.
  3982 | D:7      | Reached skill level 5 in Shields
  4041 | D:7      | Reached XP level 9. HP: 33/79 MP: 8/8
  4235 | D:7      | Found Yckast's Assorted Antiques.
  4304 | D:7      | Found Hyleunip's Antique Weapon Emporium.
  4754 | D:8      | Found a transporter.
  4867 | D:8      | Found a transporter.
  4902 | D:8      | Noticed a two-headed ogre
  4911 | D:8      | Killed a two-headed ogre
  4955 | D:8      | Found a flagged portal.
  4973 | Bailey   | Entered a bailey
  5561 | Bailey   | Noticed a kobold demonologist
  5566 | Bailey   | Killed a kobold demonologist
  5567 | Bailey   | Reached XP level 10. HP: 89/90 MP: 9/9
  5742 | Bailey   | Found an iron altar of Okawaru.
  5742 | Bailey   | Noticed an orc sorcerer
  5750 | Bailey   | Killed an orc sorcerer
  5866 | Bailey   | Noticed an orc knight
  5872 | Bailey   | Reached ***** piety under Trog
  5882 | Bailey   | Killed an orc knight
  6044 | Bailey   | Identified the +1 ring mail of the Cuttlefish {+Inv Will++
                  | Int+2 Dex-5}
  6045 | Bailey   | Identified the +6 leather armour of Gluttony {MP+9 Str+5}
  7330 | D:9      | Noticed Prince Ribbit
  7345 | D:9      | Noticed Pikel
  7597 | D:9      | Killed Pikel
  7609 | D:9      | Killed Prince Ribbit
  7610 | D:9      | Reached skill level 10 in Fighting
  7610 | D:9      | Reached skill level 10 in Axes
  7718 | D:9      | Reached XP level 11. HP: 93/98 MP: 10/10
  7817 | D:9      | Found a staircase to the Lair.
  8100 | D:9      | Reached skill level 10 in Armour
  8285 | D:9      | Noticed Erica
  8298 | D:9      | Killed Erica
  8788 | D:10     | Entered Level 10 of the Dungeon
  8831 | D:10     | Noticed Psyche
  8972 | D:10     | Killed Psyche
  9015 | D:10     | Found Guum Ure's General Store.
  9086 | D:10     | Noticed a two-headed ogre
  9095 | D:10     | Killed a two-headed ogre
  9473 | D:10     | Identified the +3 rapier of Xetturch {speed, rPois rF+ rC-}
  9561 | D:10     | Found a staircase to the Orcish Mines.
  9638 | D:11     | Found Ugohoypi's Superior Scales.
  9797 | D:11     | Identified the +1 robe of Oloymyac {Dex+3}
  9879 | D:11     | Noticed a two-headed ogre
  9889 | D:11     | Killed a two-headed ogre
 10291 | D:11     | Noticed Lodul
 10297 | D:11     | Reached skill level 10 in Dodging
 10301 | D:11     | Killed Lodul
 10302 | D:11     | Reached skill level 10 in Shields
 10302 | D:11     | Reached XP level 12. HP: 108/110 MP: 11/11
 10652 | D:11     | Noticed Sonja
 10671 | D:11     | Killed Sonja
 10899 | Lair:1   | Entered Level 1 of the Lair of Beasts
 10901 | Lair:1   | Acquired the +0 pair of gloves "Cutaetayru" {rPois Regen+
                  | MP+9 Dex+2}
 10926 | Lair:1   | Noticed a boulder beetle
 11054 | D:9      | Acquired the -1 pair of boots of the Spheres {rF+ Regen+}
 11117 | Lair:1   | Killed a boulder beetle
 11582 | Lair:1   | Noticed Harold
 11593 | Lair:1   | Killed Harold
 11950 | Lair:2   | You fall into a shaft and drop 1 floor!
 12211 | Lair:2   | Found a staircase to the Shoals.
 12240 | Lair:2   | Noticed Maggie
 12242 | Lair:2   | Found a gate leading to a gauntlet.
 12250 | Lair:2   | Killed Maggie
 12251 | Lair:2   | Reached XP level 13. HP: 115/119 MP: 12/12
 12261 | Gauntlet | Entered a Gauntlet
 12261 | Gauntlet | Found a transporter.
 12271 | Gauntlet | Found a transporter.
 12286 | Gauntlet | Found a transporter.
 12288 | Gauntlet | Found a large runed translucent door.
 12289 | Gauntlet | Found a large runed translucent door.
 12290 | Gauntlet | Found a large runed translucent door.
 12290 | Gauntlet | Found a large runed translucent door.
 12290 | Gauntlet | Found a runed translucent door.
 12291 | Gauntlet | Found a transporter.
 12292 | Gauntlet | Found a runed translucent door.
 12293 | Gauntlet | Found a large runed translucent door.
 12293 | Gauntlet | Found a large runed translucent door.
 12294 | Gauntlet | Found a large runed translucent door.
 12295 | Gauntlet | Found a large runed translucent door.
 12301 | Gauntlet | Found a large runed translucent door.
 12301 | Gauntlet | Found a large runed translucent door.
 12302 | Gauntlet | Found a large runed translucent door.
 12302 | Gauntlet | Found a large runed translucent door.
 12303 | Gauntlet | Found a large runed translucent door.
 12303 | Gauntlet | Found a large runed translucent door.
 12304 | Gauntlet | Found a runed translucent gate.
 12304 | Gauntlet | Found a runed translucent gate.
 12304 | Gauntlet | Found a runed translucent gate.
 12304 | Gauntlet | Noticed a blizzard demon
 12306 | Gauntlet | Found a transporter.
 12316 | Gauntlet | Found a large runed translucent door.
 12317 | Gauntlet | Found a large runed translucent door.
 12325 | Gauntlet | Found a transporter.
 12333 | Gauntlet | Noticed a reaper
 12337 | Gauntlet | Found a transporter.
 12349 | Gauntlet | Found a transporter.
 12368 | Gauntlet | Found a transporter.
 12380 | Gauntlet | Found a transporter.
 12397 | Gauntlet | Found a transporter.
 12414 | Gauntlet | Found a transporter.
 12416 | Gauntlet | Found a transporter.
 12443 | Gauntlet | Found a transporter.
 12463 | Gauntlet | Found a transporter.
 12650 | Gauntlet | Found a transporter.
 12668 | Gauntlet | Found a transporter.
 12671 | Gauntlet | Identified the +1 cloak of Peegod {Will+}
 12673 | Gauntlet | Found a transporter.
 12768 | Gauntlet | Killed a blizzard demon
 12776 | Gauntlet | Identified the ring of Leaves {rF+ Will+ Int+3}
 12825 | Gauntlet | Identified the +6 war axe "Bugemum" {drain, SInv}
 12825 | Gauntlet | Identified the ring "Noqad" {rElec rF+ SInv}
 12825 | Gauntlet | Noticed a minotaur
 12834 | Gauntlet | Killed a minotaur
 12848 | Gauntlet | Identified the +4 cloak "Ishyod" {rF+ rCorr MP+9}
 12848 | Gauntlet | Identified the staff of air "Tounnaar" {+Blink rElec rC+++
                  | Int-3}
 12941 | Lair:2   | Noticed Nergalle
 12955 | Lair:2   | Killed Nergalle
 12967 | Lair:2   | Found a hole to the Spider Nest.
 13324 | Lair:2   | Found a hide-covered altar of Uskayaw.
 15653 | Lair:4   | Noticed Josephine
 15667 | Lair:4   | Killed Josephine
 15789 | Lair:4   | Found a staircase to the Slime Pits.
 15864 | Lair:4   | Reached XP level 14. HP: 129/130 MP: 13/13
 16407 | Lair:5   | Entered Level 5 of the Lair of Beasts
 16767 | Lair:5   | Reached ****** piety under Trog
 16845 | Lair:5   | Received a gift from Trog
 19053 | D:12     | Acquired 978 gold pieces
 19383 | D:12     | Reached skill level 15 in Fighting
 19383 | D:12     | Reached skill level 15 in Axes
 19383 | D:12     | Reached XP level 15. HP: 141/141 MP: 14/14
 19575 | D:13     | Noticed Nessos
 19603 | D:13     | Killed Nessos
 20001 | D:13     | Found a gate to the Vaults.
 20009 | D:13     | Received a gift from Trog
 20010 | D:13     | Reached skill level 15 in Armour
 20023 | D:13     | Reached XP level 16. HP: 149/149 MP: 15/15
 20502 | D:14     | Found a portal to a secret trove of treasure.
 21117 | D:15     | Entered Level 15 of the Dungeon
 21351 | D:15     | Found an opulent altar of Gozag.
 21596 | D:15     | Identified the +0 ring mail "Suviphoi" {rN++ rCorr}
 22015 | D:15     | Reached skill level 15 in Shields
 22140 | D:15     | Found a staircase to the Depths.
 23077 | Orc:1    | Entered Level 1 of the Orcish Mines
 23115 | Orc:2    | Entered Level 2 of the Orcish Mines
 23115 | Orc:2    | Noticed Snorg
 23128 | Orc:2    | Killed Snorg
 23380 | Orc:2    | Received a gift from Trog
 23655 | Orc:2    | Noticed Saint Roka
 23659 | Orc:2    | Noticed Urug
 23752 | Orc:2    | Killed Urug
 23820 | Orc:2    | Killed Saint Roka
 23821 | Orc:2    | Found Jucvuduv's Antique Armour Emporium.
 23894 | Orc:1    | You fall into a shaft and drop 1 floor!
 23994 | Orc:1    | Found Ipatybry's Antique Weapon Shop.
 24212 | Orc:2    | Found Tigom's Jewellery Emporium.
 24258 | Orc:2    | Found Ketrem's General Store.
 24342 | Orc:2    | Found a staircase to the Elven Halls.
 24445 | Orc:1    | Identified the +10 war axe of the Eternal Warrior {heavy,
                  | Str+2 Int-2 Dex+3} (Trog gifted it to you on level 1 of the
                  | Orcish Mines)
 24445 | Orc:1    | Received a gift from Trog
 24617 | Orc:2    | Found Odonenitz's Antique Weapon Emporium.
 25031 | Shoals:1 | Entered Level 1 of the Shoals
 25294 | Shoals:1 | Found Ugiwn's Distillery.
 25999 | Shoals:2 | Reached skill level 15 in Dodging
 26018 | Shoals:2 | Reached XP level 17. HP: 94/159 MP: 16/16
 26036 | Shoals:2 | Identified Roxanne's Omnibus of the Jabberwock
 26036 | Shoals:2 | Noticed Roxanne
 26697 | Shoals:2 | Noticed Ilsuiw
 26722 | Shoals:2 | Killed Ilsuiw
 26804 | Shoals:2 | Killed Roxanne
 26856 | Shoals:3 | Received a gift from Trog
 27089 | Shoals:3 | Noticed Mara
 27093 | Shoals:3 | Noticed LLlMATKO's illusion
 27101 | Shoals:3 | Killed Mara
 27842 | Shoals:4 | Entered Level 4 of the Shoals
 27847 | Shoals:4 | Noticed a kraken
 27860 | Shoals:4 | Killed a kraken
 28261 | Shoals:4 | Identified the +7 scimitar of Xoygywko {pain, *Noise Str+2
                  | Int+2}
 28330 | Shoals:4 | Identified the +3 war axe "Newtslayer" {heavy, rF+} (Trog
                  | gifted it to you on level 4 of the Shoals)
 28330 | Shoals:4 | Received a gift from Trog
 28656 | Shoals:4 | Paralysed by a sphinx for 4 turns
 28665 | Shoals:4 | Reached XP level 18. HP: 92/171 MP: 17/17
 28850 | Shoals:4 | Got a barnacled rune of Zot
 29517 | Spider:1 | Entered Level 1 of the Spider Nest
 29617 | Spider:1 | Received a gift from Trog
 29729 | Spider:1 | Noticed Louise
 29745 | Spider:1 | Killed Louise
 30082 | Spider:1 | Noticed Rupert
 30090 | Spider:1 | Killed Rupert
 30092 | Spider:1 | Received a gift from Trog
 30254 | Spider:2 | Paralysed by a jorogumo for 3 turns
 30381 | Spider:2 | Noticed Agnes
 30396 | Spider:2 | Killed Agnes
 30626 | Spider:2 | Noticed Arachne
 30636 | Spider:2 | Killed Arachne
 31531 | Spider:4 | Entered Level 4 of the Spider Nest
 31546 | Spider:3 | Identified the ring of Broken Luck {*Slow rN+ Will+ Dex+3}
 31586 | Spider:3 | Received a gift from Trog
 32333 | Spider:4 | Reached XP level 19. HP: 181/181 MP: 18/18
 32742 | Spider:4 | Received a gift from Trog
 33215 | Spider:4 | Got a gossamer rune of Zot
 33688 | Elf:1    | Entered Level 1 of the Elven Halls
 33757 | Elf:1    | Found a radiant altar of Vehumet.
 33812 | Elf:1    | Found a crumbling gateway.
 33816 | Desolati | Entered the Desolation of Salt
 34014 | Desolati | Received a gift from Trog
 34023 | Desolati | Found the +18 shield of the Gong {Loud rN+ Will+ rCorr
                  | EV-5}
 34082 | Desolati | Identified the ring of Syndicalism {rC++ Str+2 Int-3 Slay+3
                  | SInv}
 34086 | Desolati | Identified the +7 falchion "Zisaef" {flame, MP+9 Int+3
                  | Dex-2}
 34088 | Desolati | Identified the staff of poison "Poatot" {rElec rPois Will+}
 34331 | Desolati | Identified the +3 hand axe "Item" {flame, Dex+4}
 34333 | Desolati | Identified the +4 long sword of Paongiqo {heavy, rC+ MP+9}
 34461 | Desolati | Identified the +4 ring mail of the Onion {Int+2}
 34480 | Desolati | Identified the +0 quarterstaff of Valiance {heavy, MP+9
                  | Str-3 Int+4 Stlth+}
 34483 | Desolati | Identified the +0 glaive of Hutzich {antimagic, Stlth+}
 35238 | Elf:1    | Found Diwecvom's Assorted Antiques.
 35421 | Elf:1    | Received a gift from Trog
 35443 | Elf:1    | Identified the +3 scimitar "Baisanue" {pain, rPois rC- rN+}
 35827 | Elf:2    | Noticed Aizul
 35840 | Elf:2    | Killed Aizul
 35840 | Elf:2    | Paralysed by an air elemental for 1 turns
 36131 | Elf:2    | Found a runed translucent gate.
 36131 | Elf:2    | Found a runed translucent gate.
 36133 | Elf:2    | Found a runed translucent gate.
 36313 | Elf:2    | Reached XP level 20. HP: 193/193 MP: 19/19
 36992 | Elf:3    | Entered Level 3 of the Elven Halls
 36996 | Elf:3    | Identified the +3 broad axe of Indomitability {heavy,
                  | Str+2} (Trog gifted it to you on level 3 of the Elven
                  | Halls)
 36996 | Elf:3    | Received a gift from Trog
 37119 | Elf:3    | Paralysed by an air elemental for 1 turns
 37337 | Elf:3    | Received a gift from Trog
 37340 | Elf:3    | HP: 7/274 [deep elf annihilator/crystal spear (62)]
 37344 | Elf:3    | Killed from afar by a deep elf zephyrmancer

Illustrated notes

Levels and vault maps discovered:
D:1:      dpeg_arrival_three_same_balls, layout_basic,
          shapermc_ecumenical_altar_hornbeckon, palyth_stone_intersect
D:2:      layout_basic, st_stairs_1, nicolae_grassy_gnolls
D:3:      layout_rooms, uniq_natasha
D:4:      layout_loops_cross, uniq_sigmund
D:5:      layout_rooms, cheibrodos_worm_habitat, gammafunk_ghost_hive
D:6:      layout_basic, chequers_serial_rivers_micro_c, nrook_mini_backslash
D:7:      layout_rooms, minmay_temple_entry_mini_moons, serial_shops, shop, shop
D:8:      gammafunk_wand_slinger, layout_loops_corners, enter_bailey_1
D:9:      layout_loops_cross, minmay_lair_entry_grove, lightli_fourway_metalbox,
          uniq_prince_ribbit1, uniq_erica, uniq_pikel
D:10:     layout_cross, minmay_orc_entry_guard_dogs, serial_shops, shop,
          uniq_psyche
D:11:     layout_grid_maze, kennysheep_another_room, hellmonk_scale_shop,
          uniq_lodul, uniq_sonja
D:12:     layout_long_grid
D:13:     layout_stronghold, lightli_vaults_fourway_checkpoint, serial_rivers,
          chequers_serial_rivers_room_b, chequers_serial_rivers_micro_d,
          chequers_serial_rivers_large_a, chequers_serial_rivers_small_3,
          chequers_serial_rivers_micro_b, uniq_nessos
D:14:     layout_irregular_city, enter_trove_1
D:15:     hangedman_depths_entry_civil_slaughter, layout_basic,
          lemuel_round_altar, drop_trap
Lair:1:   layout_gridlike, dreamdust_gnoll_shepherd, grunt_megastairs_3,
          uniq_harold
Lair:2:   layout_small_grid, nicolae_shoals_entry_roost,
          nicolae_spider_entry_lesser_pyramids, gauntlet_entry_generic,
          lemuel_oklob_altar, uniq_maggie, uniq_nergalle
Lair:3:   layout_layer_cave, beast_lair_carwin_5, grunt_megastairs_5
Lair:4:   layout_cave_pods, minmay_slime_entry_pillars, uniq_josephine
Lair:5:   hangedman_lair_tendril_chambers, layout_regular_city,
          guppyfry_lair_end_dragon
Shoals:1: layout_shoals, serial_shops, nicolae_lakefront_shop
Shoals:2: layout_shoals, uniq_ilsuiw, uniq_roxanne
Shoals:3: cheibrodos_shoals_three_sisters, layout_shoals, uniq_mara
Shoals:4: shoals_end_hellmonk_lost_city
Spider:1: layout_spider_delve, worms_lemuel, uniq_rupert, uniq_louise
Spider:2: layout_cave_pods, drop_trap, uniq_arachne, uniq_agnes
Spider:3: layout_spider_delve
Spider:4: spider_rune_water
Orc:1:    layout_diamond_mine, serial_shops, shop, abandoned_shop
Orc:2:    grunt_orc_cross, layout_caves, uniq_snorg
Elf:1:    eino_elf_arrival_altar, layout_geoelf_octagon, serial_shops,
          nicolae_shop_waterfront, portal_desolation_entry_salt,
          hangedman_corner_corridor
Elf:2:    nicolae_elf_blades_splatter_lattice [nicolae_blade_entry_antechamber],
          layout_geoelf_grid, grunt_ministairs_9, uniq_aizul
Elf:3:    elf_hall_gauntlet_wide, layout_loops_cross,
          nicolae_elf_elemental_lessons

Skill      XL: |  1  2  3  4  5  6  7  8  9 10 11 12 13 14 15 16 17 18 19 20 |
---------------+-------------------------------------------------------------+-----
Axes           | 4 5 6 7 8 10 11 12 13 15 16 17 18 19 20 | 20.3
Fighting       | 4 5 6 7 8 10 11 12 13 15 16 17 18 19 20 | 20.2
Armour         | 3 4 5 7 8 9 11 12 13 14 15 16 17 18 19 20 | 20.1
Dodging        | 3 4 5 6 7 8 10 11 12 13 15 16 17 18 | 18.6
Shields        | 2 3 5 6 8 10 11 12 14 15 17 18 19 | 19.6

Action                     |  1- 3 |  4- 6 |  7- 9 | 10-12 | 13-15 | 16-18 | 19-21 || total
---------------------------+-------+-------+-------+-------+-------+-------+-------++-------
  Melee: Hand axe          |    10 |       |   203 |    43 |       |       |       ||   256
         War axe           |    46 |   125 |    37 |       |   708 |  1274 |   457 ||  2647
         Headbutt          |     3 |    15 |    42 |   104 |   185 |   354 |   119 ||   822
         Broad axe         |       |       |       |   432 |       |       |    91 ||   523
  Throw: Dart              |       |       |     4 |    15 |     7 |     7 |     1 ||    34
 Invoke: Berserk           |     1 |     3 |     3 |    12 |    16 |    20 |     4 ||    59
         Trog's Hand       |       |       |     1 |     5 |     4 |     2 |       ||    12
         Brothers in Arms  |       |       |       |     1 |     1 |     3 |       ||     5
    Use: Scroll            |       |       |    11 |     6 |    14 |     8 |     5 ||    44
         Potion            |       |       |       |       |     1 |       |       ||     1
   Stab: Distracted        |       |       |       |       |       |     1 |       ||     1
 Armour: Animal skin       |     3 |       |       |       |       |       |       ||     3
         Plate armour      |    25 |   114 |   163 |   246 |   290 |   415 |   106 ||  1359
  Dodge: Dodged            |    23 |    62 |   110 |   226 |   328 |   616 |   157 ||  1522
         Repelled          |       |       |       |     2 |     1 |    16 |    17 ||    36
  Block: Buckler           |       |     5 |    59 |   146 |   203 |       |       ||   413
         Tower shield      |       |       |       |       |    23 |  1424 |   184 ||  1631
         Reflection        |       |       |       |       |       |    40 |     6 ||    46
         Kite shield       |       |       |       |       |       |       |   443 ||   443
